 Dungeon Crawl Stone Soup version 0.30-a0-304-gdc4b735fe1 (webtiles) character file.

Game seed: 9029791023267397485

93 MrRokkomies the Sneak (level 4, -2/40 HPs)
             Began as an Armataur Delver on Oct 20, 2022.
             Slain by a gnoll
             ... wielding a +0 spear
              (6 damage)
             ... on level 2 of the Dungeon.
             The game lasted 00:04:43 (1283 turns).

MrRokkomies the Sneak (Armataur Delver)             Turns: 1283, Time: 00:04:43

Health: -2/40      AC:  5    Str: 17    XL:     4   Next: 37%
Magic:  4/4        EV:  9    Int: 10    God:
Gold:   111        SH:  0    Dex: 14    Spells: 3/3 levels left

rFire   . . .      SeeInvis .    a - +0 long sword (freeze)
rCold   . . .      Faith    .    (no shield)
rNeg    . . .      Spirit   .    h - +0 ring mail
rPois   .          Reflect  .    (no helmet)
rElec   .          Harm     .    (no cloak)
rCorr   .          Roll     +    (no gloves)
Will    .....                    (no barding)
Stlth   ++........               (no amulet)
HPRegen 0.26/turn                (no ring)
MPRegen 0.09/turn                (no ring)

@: no status effects
A: large, rugged brown scales 3, deformed body, armoured tail, roll, long
tongue, awkward tongue
a: no special abilities


You were on level 2 of the Dungeon.
You visited 1 branch of the dungeon, and saw 5 of its levels.

You collected 111 gold pieces.

Inventory:

Hand Weapons
 a - a +0 long sword of freezing (weapon)
 b - a +0 rapier
 t - a +0 short sword
Missiles
 j - 5 javelins (quivered)
 n - 5 poisoned darts
Armour
 h - a +0 ring mail (worn)
 o - a +0 leather armour
Wands
 g - a wand of digging (3)
Scrolls
 c - a scroll of fog
 d - 4 scrolls of magic mapping
 e - a scroll of fear
 i - 3 scrolls of teleportation {unknown}
 l - 3 scrolls of identify {unknown}
 p - a scroll of noise {unknown}
 s - a scroll of silence {unknown}
Potions
 f - a potion of haste
 k - a potion of brilliance {unknown}
 m - a potion of curing {unknown}
 q - 2 potions of lignification {unknown}
 r - 2 potions of heal wounds {unknown}
 u - 2 potions of mutation {unknown}
 v - a potion of might {unknown}


   Skills:
 * Level 3.4 Fighting
 * Level 2.8 Short Blades
 + Level 1.9 Dodging
 + Level 5.8 Stealth


You had 3 spell levels left.
You didn't know any spells.
Your spell library contained the following spells:

 Spells                   Type           Power      Damage    Failure   Level
 Summon Small Mammal      Summ           0%         N/A       56%         1
 Call Canine Familiar     Summ           0%         N/A       91%         3
 Dazzling Flash           Conj/Hex       0%         N/A       91%         3
 Summon Guardian Golem    Hex/Summ       0%         N/A       91%         3
 Iskenderun's Mystic Bla  Conj/Tloc      0%         2d3       100%        4
 Alistair's Intoxication  Tmut/Pois      0%         N/A       100%        5
 Borgnjor's Vile Clutch   Necr/Erth      0%         N/A       100%        5
 Eringya's Noxious Bog    Tmut/Pois      0%         N/A       100%        6
 Starburst                Conj/Fire      0%         6d3       100%        6


Dungeon Overview and Level Annotations

Branches:
Dungeon (5/15)
 Temple: D:4-7

Altars:
Sif Muna

Shops:
D:1 (   D:4 *

Annotations:
D:3 1 runed translucent door, mushki's ghost, amateur MiMo


Innate Abilities, Weirdness & Mutations

You are completely covered in rugged brown scales. (AC +3, +7% HP)
Armour fits poorly on your strangely shaped body.
You have a long armoured tail.
You roll when moving toward enemies. (Rampage)
Your long tongue fully drains potion bottles. (2x potion effects)
Your tongue gives you trouble enunciating. (1.5x scroll delay)


Message History

The gnoll shouts!
You hit the gnoll. You freeze the gnoll.
The gnoll is lightly wounded.
The gnoll barely misses you. The gnoll misses you.
You barely miss the gnoll.
The gnoll is lightly wounded.
The gnoll barely misses you. The gnoll hits you but does no damage.
You slash the gnoll! You freeze the gnoll.
Your tail-slap misses the gnoll.
The gnoll is almost dead.
The gnoll closely misses you. x2; The gnoll hits you with a +0 halberd!
The gnoll closely misses you.
You barely miss the gnoll.
The gnoll is almost dead.
The gnoll hits you from afar with a +0 spear.
The gnoll closely misses you.
You are too injured to fight recklessly!
You are too injured to fight recklessly!
You hit the gnoll. You freeze the gnoll.
You kill the gnoll!
The gnoll hits you from afar with a +0 spear.
The gnoll closely misses you.
Things that are here:
a +0 halberd; a gnoll corpse You barely miss the gnoll.
The gnoll hits you with a +0 spear. The gnoll hits you but does no damage.
You hit the gnoll. You freeze the gnoll.
The gnoll is lightly wounded.
The gnoll hits you with a +0 spear.
* * * LOW HITPOINT WARNING * * *
You hit the gnoll. You freeze the gnoll.
The gnoll is moderately wounded.
A hound zombie comes into view.
The gnoll hits you with a +0 spear.
* * * LOW HITPOINT WARNING * * *
You closely miss the gnoll.
The gnoll is moderately wounded.
The gnoll hits you with a +0 spear.
* * * LOW HITPOINT WARNING * * *
The gnoll hits you with a +0 spear.
You die...

.... ..#
########## ###g.#
.......... ..#..#
########## #.#..#
...)......
#.#.J###..
#######...
#.#.Z... [#
...####.#..# ##
_.......gg.#
...####@#.##
#.#... #.#####
################.#
.............†...#
################.#
###


You could see 2 gnolls, a hound zombie (wandering) and an endoplasm (wandering).

Vanquished Creatures
  3 adders (D:3)
  2 gnolls
  2 dart slugs
  5 ball pythons
  2 endoplasms (D:1)
  3 giant cockroaches
  4 goblins
  5 hobgoblins
  4 quokkas
  A ball python zombie (D:2)
  3 bats
  2 frilled lizards
  4 kobolds
  A quokka zombie (D:2)
  A rat (D:1)
42 creatures vanquished.

Vanquished Creatures (others)
  3 fungi (D:3)
  5 plants (D:3)
8 creatures vanquished.

Grand Total: 50 creatures vanquished

Notes
Turn   | Place    | Note
-------+----------+-------------------------------------------
     0 | D:5      | MrRokkomies the Armataur Delver began the quest for the
                  | Orb.
     0 | D:5      | Reached XP level 1. HP: 19/19 MP: 1/1
    20 | D:4      | Found Revoxzer's Elemental Accessories.
    38 | D:3      | Reached XP level 2. HP: 22/26 MP: 2/2
   107 | D:3      | Found a runed translucent door.
   115 | D:3      | Noticed mushki's ghost (amateur MiMo)
   125 | D:3      | Reached XP level 3. HP: 33/33 MP: 3/3
   675 | D:1      | Found Non Luri's Weapon Shoppe.
   745 | D:1      | Reached XP level 4. HP: 40/40 MP: 4/4
  1264 | D:2      | Found a shimmering blue altar of Sif Muna.
  1283 | D:2      | Slain by a gnoll

Illustrated notes

Levels and vault maps discovered:
D:1:      matt_arrival_los_fun, layout_loops_ring, serial_shops, shop,
          nrook_loot_triangle, dreamdust_mushroom_princess,
          grunt_decor_one_mirror, minmay_misc_feat_rugged
D:2:      layout_basic, serial_undead, serial_undead_e, serial_undead_a,
          serial_undead_b, serial_undead_b, basic_altar, minmay_misc_feat_five
D:3:      minmay_chambers_of_threes, layout_rooms,
          chequers_temple_overflow_minitemple,
          shapermc_ecumenical_altar_mp_ritualfount, gammafunk_ghost_grave,
          kennysheep_generic_room_13
D:4:      minmay_general_purpose_star, layout_loops_corners, serial_shops,
          nicolae_inconvenience_store, minmay_large_rounded_square,
          nicolae_elemental_shop, st_stairs_2, uniq_blork_the_orc
D:5:      layout_rooms, serial_shops, nicolae_shop_hallway_stairs,
          dk_noncrumbling_3, hangedman_decor_peaks_small, minmay_shop_mass,
          uniq_pikel

Skill      XL: |  1  2 |
---------------+-------+-----
Short Blades   | 2 |  2.8
Fighting       | 3 |  3.4
Dodging        | |  1.9
Stealth        | |  5.8

Action                   |  1- 3 |  4- 6 || total
-------------------------+-------+-------++-------
Melee: Short sword       |    32 |       ||    32
       Tailslap          |    11 |       ||    11
       Rapier            |    56 |       ||    56
       Long sword        |     3 |    19 ||    22
 Stab: Sleeping          |     8 |     3 ||    11
Armor: Ring mail         |    31 |     4 ||    35
Dodge: Dodged            |    25 |    13 ||    38

Table legend: (Time is in decaauts)
 A = Elapsed time spent in this place.
 B = Non-inter-level travel time spent in this place.
 C = Inter-level travel time spent in this place.
 D = Time resting spent in this place.
 E = Time spent auto-exploring this place.
 F = Levels seen in this place.
 G = Mean time per level.
                   A        B        C        D        E       F      G
               +--------+--------+--------+--------+--------+-----+--------+
         Total |   1288 |   1254 |     34 |     31 |    870 |   5 |  257.6 |
       Dungeon |   1288 |   1254 |     34 |     31 |    870 |   5 |  257.6 |
               +--------+--------+--------+--------+--------+-----+--------+

Top non-repeatable levels by time:
     D:1: 680 daAuts
     D:2: 433 daAuts
     D:3: 141 daAuts
     D:5: 20 daAuts
     D:4: 13 daAuts
